 Dungeon Crawl Stone Soup version 0.23-a0-49-gd9f7a49668 (webtiles) character file.

310 Htamos the Grave Robber (level 6, -4/57 HPs)
             Began as a Troll Necromancer on Aug 6, 2018.
             Was an Initiate of Okawaru.
             Slain by a river rat (6 damage)
             ... summoned by Eustachio
             ... on level 4 of the Dungeon.
             The game lasted 00:06:46 (2521 turns).

Htamos the Grave Robber (Troll Necromancer)         Turns: 2521, Time: 00:06:46

Health: -4/57      AC:  5    Str: 17      XL:     6   Next: 18%
Magic:  8/8        EV: 10    Int: 13      God:    Okawaru [......]
Gold:   173        SH:  0    Dex:  6 (10) Spells: 8/9 levels left

rFire    . . .     SeeInvis .     - Unarmed
rCold    . . .     Gourm    +   (no shield)
rNeg     . . .     Faith    .   a - +0 robe
rPois    .         Spirit   .   (helmet restricted)
rElec    .         Reflect  .   (no cloak)
rCorr    .         Harm     .   (gloves unavailable)
MR       .....                  (boots unavailable)
Stlth    +.........             (no amulet)
HPRegen  0.59/turn              (no ring)
MPRegen  0.11/turn              (no ring)

@: no status effects
A: large, unfitting armour, claws 3, fast metabolism 3, gourmand, regeneration
1, shaggy fur 1, tough skin 2
a: Renounce Religion


You were on level 4 of the Dungeon.
You worshipped Okawaru.
Okawaru was noncommittal.
You were completely stuffed.

You visited 1 branch of the dungeon, and saw 4 of its levels.

You collected 173 gold pieces.

Inventory:

Armour
 a - a +0 robe (worn)
 j - a +0 animal skin
Jewellery
 e - a cursed ring of teleportation {unknown}
 k - an uncursed ring of protection from cold {unknown}
 p - a cursed -3 ring of dexterity {unknown}
Wands
 m - a wand of paralysis (15)
 s - a wand of scattershot (2)
Scrolls
 b - 6 scrolls of identify {unknown}
 f - a scroll of fog {unknown}
 g - 3 scrolls of teleportation {unknown}
 h - 2 scrolls of enchant armour {unknown}
 l - a scroll of remove curse {unknown}
 q - a scroll of enchant weapon {unknown}
Potions
 d - 2 potions of flight {unknown}
 i - 2 potions of heal wounds {unknown}
 n - a potion of ambrosia {unknown}
 o - 2 potions of brilliance {unknown}
Comestibles
 c - 7 rations
 r - 4 chunks of flesh


   Skills:
 + Level 1.6 Fighting
 + Level 1.9 Armour
 + Level 2.6 Dodging
 - Level 1.0 Stealth
 + Level 2.1 Unarmed Combat
 - Level 2.0 Spellcasting
 * Level 4.0 Necromancy


You had 8 spell levels left.
You knew the following spells:

 Your Spells              Type           Power        Failure   Level  Hunger
a - Pain                  Necr           ##..         4%          1    ##.....

Your spell library contained the following spells:

 Spells                   Type           Power        Failure   Level  Hunger
 Animate Dead             Necr           N/A          43%         4    #####..
 Animate Skeleton         Necr           N/A          4%          1    ##.....
 Vampiric Draining        Necr           ##........   14%         3    ####...
 Regeneration             Chrm/Necr      #.........   32%         3    ####...


Dungeon Overview and Level Annotations

Branches:
Dungeon (4/15)
 Temple: D:4-7

Altars:
Okawaru

Annotations:
D:4 3 runed doors, Bapho's ghost, amateur DrMo; Eustachio; Pikel


Innate Abilities, Weirdness & Mutations

You are too large for most types of armour.
You have claws for hands.
Your metabolism is lightning-fast.
You like to eat raw meat.
Your natural rate of healing is unusually fast.
You are covered in fur. (AC +1)
You have very tough skin. (AC +2)


Message History

The quasit claws you but does no damage.
The quasit claws you.
* * * LOW HITPOINT WARNING * * *
You feel clumsy.
The ufetubus hits you but does no damage.
The ufetubus closely misses you.
The river rat bites you but does no damage.
Eustachio utters an oath, "I will die for my friends!"
Eustachio casts a spell.
Eustachio blinks!
The ufetubus barely misses you. The ufetubus hits you.
* * * LOW HITPOINT WARNING * * *
The quasit barely misses you. The quasit closely misses you.
The quasit claws you but does no damage.
The rat barely misses you. The white imp gestures at you.
The puff of frost hits you!
* * * LOW HITPOINT WARNING * * *
The river rat bites you.
You die...

.........## ........
########..###........
#######..##.....r...
##.....#..##.#r..5...
.........)).........
....................
##........##.#.########.##
...............5.r........
....###........5@rb.###.#
....# #..)......5r..# .#
....###........@....###.##
.........................#
##..#########.'#####..$..#
#...# .....W#..#####.....#.
....#...#.oO#....5..........
....#..#.#.o+............%..
#.#.#O!.....+..####.........


You could see Eustachio, an ogre, a quasit, a river rat, a white imp, an orc, an
ufetubus, a bat and 2 rats.

Vanquished Creatures
  A slave (D:3)
  3 orc wizards
  Jessica (D:2)
  A worker ant (D:4)
  Robin (D:1)
  2 gnolls (D:3)
  4 adders
  3 oozes
  A worm (D:3)
  3 dart slugs (D:1)
  A leopard gecko (D:3)
  10 orcs
  12 bats
  A giant cockroach (D:1)
  14 goblins
  9 hobgoblins
  A quokka (D:3)
  A ball python (D:3)
  3 frilled lizards
  13 kobolds
  3 rats
88 creatures vanquished.

Notes
Turn   | Place    | Note
-------+----------+-------------------------------------------
     0 | D:1      | Htamos the Troll Necromancer began the quest for the Orb.
     0 | D:1      | Reached XP level 1. HP: 16/16 MP: 1/1
   140 | D:1      | Reached XP level 2. HP: 23/24 MP: 0/2
   475 | D:1      | Reached XP level 3. HP: 30/32 MP: 4/4
   728 | D:2      | Noticed Robin
   813 | D:1      | Reached skill level 1 in Unarmed Combat
   895 | D:1      | Killed Robin
   895 | D:1      | Reached skill level 1 in Armour
   926 | D:2      | Noticed Jessica
   933 | D:2      | Killed Jessica
   933 | D:2      | Reached skill level 1 in Fighting
   933 | D:2      | Reached XP level 4. HP: 21/41 MP: 1/5
  1485 | D:3      | Reached XP level 5. HP: 42/48 MP: 6/6
  1835 | D:3      | Found an iron altar of Okawaru.
  1872 | D:3      | Became a worshipper of Warmaster Okawaru
  1902 | D:4      | Noticed Pikel
  1902 | D:4      | Noticed a slave
  1902 | D:4      | Noticed a slave
  1902 | D:4      | Noticed a slave
  1902 | D:4      | Noticed a slave
  1944 | D:3      | Killed a slave
  2306 | D:4      | Found a runed gate.
  2307 | D:4      | Found a runed gate.
  2307 | D:4      | Found a runed gate.
  2307 | D:4      | Noticed an ogre
  2307 | D:4      | Noticed Bapho's ghost (amateur DrMo)
  2321 | D:4      | Reached XP level 6. HP: 32/55 MP: 8/8
  2375 | D:4      | Reached skill level 4 in Necromancy
  2460 | D:4      | Noticed Eustachio
  2521 | D:4      | HP: 2/57 [white imp/puff of frost[Eustachio] (5)]
  2521 | D:4      | Slain by a river rat

Vault maps used:
D:1:      saegor_arrival_miasma, minmay_misc_feat_doors
D:2:      uniq_robin, uniq_jessica
D:3:      first_ration, okawaru_altar_gauntlet_db
D:4:      gammafunk_ghost_split, uniq_eustachio, uniq_menkaure, uniq_pikel,
          uniq_duvessa

Skill      XL: |  1  2  3  4  5  6 |
---------------+-------------------+-----
Dodging        | 2 |  2.6
Unarmed Combat | 1 2 |  2.1
Armour         | 1 |  1.9
Fighting       | 1 |  1.6
Spellcasting   | 2 |  2.0
Necromancy     | 4 |  4.0
Stealth        | |  1.0

Action                   |  1- 3 |  4- 6 || total
-------------------------+-------+-------++-------
Melee: Unarmed           |   121 |   175 ||   296
 Cast: Pain              |    23 |    13 ||    36
 Stab: Sleeping          |       |     1 ||     1
  Eat: Chunk             |    15 |    15 ||    30
Armor: Robe              |    78 |    75 ||   153
Dodge: Dodged            |    85 |   134 ||   219

Table legend:
 A = Spawn XP
 B = Non-spawn XP
 C = Spawn XP percentage of total XP
 D = Spawn monster count
 E = Non-spawn monster count
 F = Spawn count percentage of total count
 G = Total turns spent on level
                    A         B        C        D         E        F      G
               +---------+---------+-------+---------+---------+-------+---------
         Total |       0 |     444 |   0.0 |       0 |      87 |   0.0 |  2521
               +---------+---------+-------+---------+---------+-------+---------
           D:1 |       0 |      84 |   0.0 |       0 |      42 |   0.0 |   852
           D:2 |       0 |      96 |   0.0 |       0 |      15 |   0.0 |   565
           D:3 |       0 |     132 |   0.0 |       0 |      21 |   0.0 |   868
           D:4 |       0 |     132 |   0.0 |       0 |       9 |   0.0 |   236
               +---------+---------+-------+---------+---------+-------+---------
